AoeStats
← Trickshot

Lombardia

509969552Analyzed
3v3 RM · 5d ago on Sep 28, 2026· 57m 33s· 6 players
Game mode
Random Map
Map size
Normal (6 player)
Population
200
Speed
Normal
Resources
Standard
Victory
Conquest
Starting age
Dark Age
Ending age
Imperial Age
RankedLock teamsTeams togetherTeam positionsShared explorationLock speedFull tech treeHidden civsTurbo modeCheats
Victory
Defeat
🇬🇧 Malay · United Kingdom
1323
+14
🇮🇹 Varangians · Italy
1321
+15
🇨🇴 Italians · Colombia
1278
+16
🇩🇪 Goths · Germany
1308
-16
🇩🇪 Gurjaras · Germany
1293
-15
🇩🇪 Franks · Germany
1260
-14
I7RANK
7:17 Loom
12:46 Feudal Age
13:59 Double-Bit Axe
13:57 Horse Collar
16:24 Fletching
20:37 Castle Age
19:00 Padded Archer Armor
18:56 Gold Mining
21:03 Crossbowman
22:18 Bodkin Arrow
24:22 Bow Saw
27:22 Leather Archer Armor
28:03 Town Watch
32:02 Ballistics
32:51 Thumb Ring
36:20 Imperial Age
35:57 Silk Road
37:17 Bracer
38:22 Chemistry
41:41 Ring Archer Armor
41:13 Scale Mail Armor
41:24 Forging
43:42 Fortified Wall
43:04 Light Cavalry
43:55 Bloodlines
43:46 Husbandry
43:56 Scale Barding Armor
44:07 Chain Mail Armor
44:28 Iron Casting
45:43 Chain Barding Armor
52:45 Bombard Tower
53:03 Plate Barding Armor
God Of The Sea People
4:29 Loom
13:50 Feudal Age
13:04 Man-at-Arms
13:54 Arson
14:48 Double-Bit Axe
14:52 Horse Collar
16:24 Wheelbarrow
23:01 Castle Age
21:45 Gold Mining
22:03 Pikeman
24:42 Heavy Plow
25:01 Bow Saw
28:09 Husbandry
28:24 Scale Barding Armor
30:17 Forging
41:20 Stone Mining
42:10 Gold Shaft Mining
41:56 Hand Cart
47:02 Imperial Age
47:36 Chemistry
46:57 Ballistics
46:37 Heavy Scorpion
48:05 Crop Rotation
47:52 Siege Engineers
47:56 Long Swordsman
50:39 Iron Casting
49:49 Halberdier
50:42 Squires
50:24 Two-Handed Swordsman
51:29 Conscription
53:10 Blast Furnace
52:42 Caravan
52:29 Elite Battle Elephant
53:01 Fletching
55:42 Forced Levy
Janez
9:22 Loom
11:41 Feudal Age
12:45 Double-Bit Axe
13:42 Horse Collar
16:18 Castle Age
17:21 Bow Saw
20:25 Gold Mining
21:20 Stone Mining
22:34 Wheelbarrow
24:12 Stone Shaft Mining
24:42 Hand Cart
25:03 Town Watch
30:21 Imperial Age
29:27 Town Patrol
29:10 Treadmill Crane
29:41 Masonry
29:38 Scale Mail Armor
29:49 Forging
30:28 Squires
30:14 Gambesons
31:02 Arson
31:46 Chain Mail Armor
32:06 Iron Casting
31:56 Conscription
30:58 Gothikon
33:34 Two-Man Saw
32:39 Heavy Plow
32:13 Elite Varangian Guard
35:07 Plate Mail Armor
35:37 Blast Furnace
39:02 Crop Rotation
39:40 Architecture
39:31 Ballistics
44:26 Herbal Medicine
47:21 Caravan
47:52 Coinage
Trickshot
4:59 Loom
12:24 Feudal Age
14:17 Town Watch
16:57 Castle Age
15:20 Double-Bit Axe
19:29 Bow Saw
19:04 Horse Collar
23:24 Gold Mining
23:35 Stone Mining
27:50 Wheelbarrow
27:24 Fletching
27:36 Scale Mail Armor
27:46 Forging
27:43 Man-at-Arms
28:24 Squires
28:20 Long Swordsman
30:11 Iron Casting
32:03 Hand Cart
33:51 Heavy Plow
39:25 Imperial Age
38:00 Anarchy
38:19 Chain Mail Armor
41:41 Blast Furnace
40:33 Two-Handed Swordsman
41:14 Champion
42:39 Conscription
42:09 Pikeman
43:23 Halberdier
44:17 Perfusion
44:54 Elite Huskarl
49:56 Caravan
50:30 Capped Ram
55:12 Two-Man Saw
Wilma Raiden I.
11:06 Loom
12:54 Feudal Age
14:05 Double-Bit Axe
15:23 Wheelbarrow
17:12 Castle Age
16:58 Scale Barding Armor
21:31 Chain Barding Armor
25:16 Wheelbarrow
26:46 Forging
28:45 Iron Casting
33:18 Gold Mining
33:40 Stone Mining
38:02 Imperial Age
35:48 Hand Cart
40:47 Chemistry
43:09 Gold Shaft Mining
47:22 Fletching
52:30 Caravan
Spieler2
8:31 Loom
10:17 Feudal Age
14:54 Castle Age
13:21 Double-Bit Axe
14:11 Horse Collar
15:25 Gold Mining
15:47 Bow Saw
21:29 Town Watch
26:17 Wheelbarrow
30:11 Imperial Age
28:01 Fletching
28:12 Padded Archer Armor
29:13 Bodkin Arrow
30:05 Leather Archer Armor
30:27 Thumb Ring
30:13 Elite Elephant Archer
30:55 Bracer
31:18 Ballistics
31:58 Chemistry
31:52 Conscription
36:30 Bloodlines
36:20 Husbandry
41:53 Caravan
42:23 Coinage
42:41 Hand Cart
42:26 Town Patrol
43:38 Frontier Guards
53:19 Scale Barding Armor
Connection lost

Rejoining the realm…

Still unreachable

The connection could not be restored.

Session expired

The server has moved on; the page needs a fresh start.